 Dungeon Crawl Stone Soup version 0.28-b1-25-g9875b3fc8c (webtiles) character file.

Game seed: 18369697663226779958

66 vvl the Stinger (level 4, -2/32 HPs)
             Began as a Barachi Venom Mage on Feb 2, 2022.
             Slain by an ufetubus (4 damage)
             ... on level 3 of the Dungeon.
             The game lasted 00:06:24 (1975 turns).

vvl the Stinger (Barachi Venom Mage)                Turns: 1975, Time: 00:06:24

Health: -2/32      AC:  2    Str: 10    XL:     4   Next: 15%
Magic:  2/8        EV: 12    Int: 17    God:
Gold:   65         SH:  0    Dex: 12    Spells: 7/8 levels left

rFire   . . .      SeeInvis .   b - +2 short sword (venom)
rCold   . . .      Faith    .   (no shield)
rNeg    + . .      Spirit   .   a - +0 robe
rPois   .          Reflect  .   (no helmet)
rElec   .          Harm     .   (no cloak)
rCorr   .          Rampage  .   (no gloves)
Will    .....                   (no boots)
Stlth   ++........              (no amulet)
HPRegen 0.10/turn               h - ring of positive energy
MPRegen 0.11/turn               (no ring)

@: unable to hop, very slightly contaminated, slow
A: amphibious, slowness 1, strong legs 1, +LOS
a: Hop


You were on level 3 of the Dungeon.
You visited 1 branch of the dungeon, and saw 3 of its levels.

You collected 65 gold pieces.

Inventory:

Hand Weapons
 b - a +2 short sword of venom (weapon)
Armour
 a - a +0 robe (worn)
 g - an orb of mayhem
Jewellery
 h - a ring of positive energy (left hand)
Scrolls
 c - 3 scrolls of identify {unknown}
 i - a scroll of vulnerability {unknown}
 k - a scroll of amnesia {unknown}
 l - a scroll of blinking {unknown}
 n - a scroll of torment {unknown}
Potions
 d - a potion of mutation {unknown}
 e - a potion of magic {unknown}
 f - a potion of berserk rage {unknown}
 j - a potion of curing {unknown}
 m - a potion of lignification {unknown}


   Skills:
 + Level 1.5 Fighting
 + Level 0.3 Armour
 + Level 2.3 Dodging
 - Level 2.0 Stealth
 + Level 0.1 Shields
 + Level 2.6 Spellcasting
 + Level 1.9 Transmutations
 * Level 4.2 Poison Magic


You had 7 spell levels left.
You knew the following spells:

 Your Spells              Type           Power      Damage    Failure   Level
a - Sting                 Tmut/Pois      48%        1d5       5%          1

Your spell library contained the following spells:

 Spells                   Type           Power      Damage    Failure   Level
 Poisonous Vapours        Pois/Air       18%        N/A       12%         2
 Mephitic Cloud           Conj/Pois/Air  7%         N/A       30%         3
 Olgreb's Toxic Radiance  Pois           16%        N/A       32%         4


Dungeon Overview and Level Annotations

Branches:
Dungeon (3/15)

Altars:

Shops:
D:1 :


Innate Abilities, Weirdness & Mutations

You are amphibious.
You cover ground slowly.
You can hop short distances.
You have an extended range of vision and can be seen from far away.


Message History

The sting misses the orc priest.
The ufetubus completely misses you. The ufetubus closely misses you.
Hop to where?
Press: ? - help, Dir - move target, p - orc priest Boing!
Unknown command.
The orc priest looks more healthy.
Unknown command.
Unknown command.
The sting misses the ufetubus.
The sting hits the orc.
The orc is poisoned.
The orc is severely wounded.
The ufetubus misses you. The ufetubus hits you. x2
The ufetubus closely misses you.
You are too injured to fight recklessly!
Casting: Sting (safe; 5% risk of failure)
Confirm with . or Enter, or press ? or * to list all spells.
Aiming: Sting (safe; 5% risk of failure)
Press: ? - help, Shift-Dir - straight line, f/p - ufetubus
Aim: an ufetubus (53% to hit)
The sting misses the ufetubus.
The sting misses the orc priest.
The ufetubus hits you.
* * * LOW HITPOINT WARNING * * *
The ufetubus barely misses you.
Casting: Sting (safe; 5% risk of failure)
Confirm with . or Enter, or press ? or * to list all spells.
Aiming: Sting (safe; 5% risk of failure)
Press: ? - help, Shift-Dir - straight line, f/p - ufetubus
Aim: an ufetubus (53% to hit)
You miscast Sting.
You are very lightly contaminated with residual magic.
Nothing appears to happen.
You kill the orc!
The ufetubus hits you.
* * * LOW HITPOINT WARNING * * *
The ufetubus hits you.
* * * LOW HITPOINT WARNING * * *
The ufetubus hits you.
* * * LOW HITPOINT WARNING * * *
The ufetubus hits you.
You die...

..J #.# #.# ... #.#
#.# #.# #.# #@#
#######5#
#.....)o############
#.#.##.............#
##...#########.#
#.....# #.# ##...##
#.# #<.## #.# #..#
#.#


You could see an orc priest, an ufetubus and an endoplasm (wandering).

Vanquished Creatures
  2 adders (D:2)
  A worm (D:2)
  A dart slug (D:1)
  2 orcs (D:3)
  6 endoplasms
  4 hobgoblins
  4 kobolds
  2 quokkas
  3 ball pythons
  6 bats
  3 frilled lizards
  4 goblins
  3 rats
41 creatures vanquished.

Notes
Turn   | Place    | Note
-------+----------+-------------------------------------------
     0 | D:1      | vvl the Barachi Venom Mage began the quest for the Orb.
     0 | D:1      | Reached XP level 1. HP: 13/13 MP: 3/3
   322 | D:1      | Reached XP level 2. HP: 18/20 MP: 1/5
   577 | D:1      | Found Ophiy's Book Emporium.
   813 | D:1      | Reached skill level 1 in Fighting
   840 | D:2      | Reached XP level 3. HP: 26/26 MP: 2/6
  1152 | D:2      | Reached skill level 4 in Poison Magic
  1450 | D:2      | Reached XP level 4. HP: 32/32 MP: 7/7
  1975 | D:3      | Slain by an ufetubus

Illustrated notes

Levels and vault maps discovered:
D:1:      nagdon_arrival_double_spiral, layout_basic, serial_shops,
          nicolae_shop_crystal, st_stairs_5
D:2:      layout_basic
D:3:      layout_loops_corners, jmf_multi_god_temple2, serial_shops, shop,
          nicolae_shop_behind_doors, nicolae_shop_waterfront, uniq_robin,
          uniq_ijyb

Skill      XL: |  1  2  3 |
---------------+----------+-----
Stealth        | 2 |  2.0
Fighting       | 1 |  1.5
Poison Magic   | 4 |  4.2
Armour         | |  0.3
Dodging        | |  2.3
Shields        | |  0.1
Spellcasting   | |  2.6
Transmutations | |  1.9

Action                   |  1- 3 |  4- 6 || total
-------------------------+-------+-------++-------
Melee: Short sword       |    43 |     7 ||    50
 Cast: Sting             |    25 |    16 ||    41
 Abil: Hop               |       |     1 ||     1
 Stab: Sleeping          |     3 |       ||     3
Armor: Robe              |    12 |     2 ||    14
Dodge: Dodged            |    33 |    19 ||    52
